Map: Pillars of Gold LE

Players

ByuN - Winner!

  • Race: Terran Terran
  • Spawn Location: 7:00

Solar

  • Race: Zerg Zerg
  • League: Grandmaster
  • Spawn Location: 1:00

Event: ASUS ROG Online 2020

VOD

Have the link to the VOD?

Description

Time

  • Played on: Nov. 29, 2020, 2:12 p.m.
  • Length: 9:01

All games in this series

Show
View Real Time Build Order
Export as new Build Order

ByuN Terran - Winner!

Build Orders: Reaper Expand, Hellion Banshee 

Get SALT Encoding   

  12  0:00  SCV  
  13  0:12  SCV  
  14  0:17  Supply Depot  
  14  0:24  SCV  
  15  0:39  SCV  
  15  0:40  Barracks  
  16  0:44  Refinery  
  16  0:51  SCV  
  17  1:03  SCV  
  18  1:15  SCV  
  19  1:27  Orbital Command, Reaper  
  20  1:42  Command Center  
  20  1:53  SCV  
  20  1:54  Supply Depot  
  21  1:59  Marine  
  22  2:05  Factory  
  22  2:09  SCV  
  22  2:14  Refinery  
  23  2:21  Barracks Reactor, SCV  
  24  2:33  SCV  
  25  2:45  SCV  
  25  2:51  Starport  
  26  2:54  Orbital Command  
  26  2:57  SCV  
  27  3:01  Hellion x2  
  31  3:08  Barracks Tech Lab  
  31  3:09  SCV  
  32  3:20  SCV  
  32  3:21  SCV  
  32  3:22  Hellion x2  
  32  3:24  Supply Depot  
  38  3:33  SCV x2  
  40  3:36  Banshee  
  40  3:37  Cloaking Field  
  40  3:40  Marine  
  44  3:47  SCV  
  45  3:48  Supply Depot, SCV  
  48  3:56  Hellion x2  
  48  3:59  SCV  
  48  4:00  SCV  
  48  4:02  Barracks Tech Lab  
  52  4:12  Supply Depot, SCV  
  52  4:13  SCV  
  56  4:17  Hellion x2  
  56  4:19  Banshee  
  56  4:24  SCV  
  62  4:33  SCV  
  62  4:36  Command Center  
  63  4:40  SCV  
  63  4:45  SCV, Marine  
  66  4:50  Armory  
  66  4:53  Stimpack  
  66  4:58  Supply Depot, SCV x2  
  68  5:00  Factory Reactor  
  68  5:02  Marine  
  69  5:10  Starport Reactor  
  69  5:11  Barracks, SCV  
  69  5:13  Barracks  
  70  5:19  Engineering Bay  
  70  5:20  Marine  
  72  5:23  Engineering Bay, Refinery  
  72  5:25  Refinery  
  72  5:28  SCV x2  
  73  5:38  Marine  
  73  5:40  SCV x2  
  76  5:49  Factory Reactor  
  76  5:50  Terran Infantry Armor Level 1, Terran Infantry Weapons Level 1  
  76  5:51  Hellion x3  
  76  5:52  Hellion x5, SCV x2  
  76  5:56  Marine  
  79  5:59  Barracks  
  79  6:02  Barracks  
  76  6:04  SCV x2  
  76  6:07  Marine x2  
  76  6:11  Orbital Command  
  80  6:14  Marine  
  80  6:15  Marine x2  
  80  6:18  SCV  
  84  6:25  Marine x2  
  84  6:27  SCV  
  84  6:30  SCV  
  84  6:32  Marine x2  
  87  6:33  Widow Mine x2, Marine  
  87  6:35  Medivac x2  
  92  6:43  Combat Shield, Marine  
  92  6:45  Marine  
  92  6:46  Orbital Command  
  94  6:48  SCV x2  
  94  6:49  Marine  
  94  6:50  Marine  
  94  6:51  Marine  
  94  6:52  Supply Depot  
  99  6:55  Supply Depot  
  99  6:57  Widow Mine  
  101  7:02  SCV  
  101  7:03  Barracks Reactor x2  
  101  7:13  Marine x5  
  101  7:14  Supply Depot x2, Widow Mine, SCV  
  109  7:18  SCV  
  109  7:19  SCV  
  111  7:26  SCV  
  112  7:30  SCV  
  112  7:31  SCV, Marine x3  
  112  7:35  Marine x2  
  112  7:36  Widow Mine x2  
  123  7:38  SCV  
  123  7:41  Marine x2  
  123  7:42  SCV, Marine x2  
  123  7:43  SCV  
  128  7:48  Supply Depot  
  128  7:49  Marine  
  128  7:50  Supply Depot, Marauder, SCV  
  130  7:54  SCV, Marine x2  
  130  7:55  Marine  
  130  7:59  Marine  
  130  8:00  Widow Mine x2  
  133  8:06  Medivac x2  
  133  8:07  Marine x2  
  133  8:08  Marine  
  133  8:11  Marauder  
  133  8:12  Marine x3  
  131  8:21  Widow Mine x2  
  132  8:28  Marine x3  
  132  8:29  Marine  
  132  8:30  Marine  
  132  8:32  Marauder, Marine x3  
  138  8:39  Factory, Refinery  
Show
View Real Time Build Order
Export as new Build Order

Solar Zerg 

Build Orders: Hatch First 

Get SALT Encoding   

  12  0:00  Drone  
  13  0:13  Overlord  
  13  0:18  Drone  
  14  0:32  Drone x2  
  16  0:49  Hatchery  
  15  0:52  Drone  
  15  0:56  Drone  
  17  0:59  Drone  
  18  1:09  Extractor  
  17  1:15  Spawning Pool  
  17  1:18  Drone  
  17  1:21  Drone  
  18  1:28  Drone  
  19  1:40  Drone  
  20  1:50  Drone  
  21  2:02  Zergling x4, Queen x2  
  27  2:12  Overlord  
  27  2:13  Drone  
  28  2:27  Hatchery  
  28  2:28  Drone  
  28  2:31  Drone  
  28  2:34  Drone  
  29  2:41  Extractor  
  28  2:46  Queen  
  31  2:51  Metabolic Boost  
  31  2:52  Drone  
  31  2:56  Overlord  
  33  2:58  Drone  
  33  3:02  Drone  
  33  3:03  Drone  
  35  3:15  Drone x3  
  35  3:16  Drone x2  
  35  3:18  Drone  
  41  3:24  Queen  
  43  3:29  Overlord  
  43  3:32  Pneumatized Carapace  
  43  3:38  Overlord  
  43  3:42  Queen  
  43  3:44  Drone  
  46  3:49  Zergling x6  
  46  3:52  Drone x2  
  46  3:55  Drone x2  
  53  3:59  Drone x2  
  55  4:04  Queen  
  55  4:07  Overlord  
  55  4:09  Drone  
  58  4:10  Drone  
  58  4:11  Drone  
  58  4:13  Zergling x2  
  58  4:16  Zergling x2  
  62  4:18  Drone x2  
  62  4:21  Overlord  
  64  4:26  Extractor  
  64  4:27  Spore Crawler  
  64  4:28  Drone  
  64  4:31  Drone  
  64  4:32  Spore Crawler, Drone  
  64  4:35  Spore Crawler  
  64  4:37  Lair  
  63  4:40  Zergling x4  
  63  4:42  Zergling x2  
  66  4:46  Drone  
  66  4:48  Drone  
  66  4:49  Drone x2  
  66  4:51  Drone  
  70  4:53  Overlord  
  70  4:57  Drone x2  
  70  4:59  Overlord  
  72  5:02  Drone  
  72  5:03  Drone  
  73  5:07  Extractor  
  73  5:08  Baneling Nest  
  73  5:09  Drone  
  73  5:13  Drone x2  
  74  5:16  Drone  
  74  5:17  Drone x2  
  74  5:19  Drone x2  
  78  5:21  Extractor, Drone  
  78  5:24  Drone  
  78  5:25  Drone x3  
  82  5:29  Evolution Chamber  
  81  5:36  Overseer  
  81  5:37  Zergling x6  
  81  5:40  Zergling x2  
  81  5:41  Queen  
  87  5:44  Zergling x6  
  87  5:48  Evolution Chamber  
  87  5:49  Queen  
  87  5:54  Baneling x6  
  85  6:00  Queen  
  85  6:01  Drone  
  85  6:02  Drone  
  85  6:03  Drone  
  86  6:07  Drone x2  
  86  6:08  Drone  
  86  6:10  Drone  
  86  6:11  Drone  
  91  6:19  Zerg Ground Armor Level 1  
  91  6:20  Zerg Melee Weapons Level 1, Drone  
  91  6:25  Drone  
  91  6:27  Drone x4  
  91  6:31  Queen  
  88  6:34  Drone x2  
  88  6:36  Drone  
  88  6:38  Extractor  
  90  6:40  Drone  
  90  6:43  Overlord  
  90  6:45  Zergling x4  
  90  6:46  Zergling x4  
  95  6:49  Zergling x6  
  95  6:51  Overlord  
  98  6:54  Hydralisk Den  
  98  6:55  Baneling x5  
  98  6:58  Overlord  
  96  7:05  Hatchery  
  96  7:07  Zergling x8  
  99  7:11  Centrifical Hooks  
  99  7:16  Zergling x2  
  99  7:17  Zergling x10  
  99  7:20  Zergling x4  
  99  7:22  Zergling x4  
  109  7:26  Baneling x2  
  109  7:27  Zergling x6  
  112  7:30  Grooved Spines  
  112  7:31  Hydralisk  
  112  7:33  Hydralisk  
  114  7:37  Hydralisk  
  114  7:40  Zergling x8  
  118  7:47  Zergling x2  
  118  7:48  Zergling x2  
  118  7:53  Hydralisk x2  
  118  7:56  Zergling x2  
  118  7:57  Zergling x2  
  120  8:02  Zergling x8  
  120  8:03  Zergling x2  
  115  8:08  Hydralisk x2  
  115  8:10  Overlord  
  116  8:16  Zergling x2  
  116  8:18  Queen  
  116  8:22  Zergling x6  
  116  8:24  Zergling x6  
  106  8:30  Hydralisk x2  
  102  8:34  Spawning Pool  
Tags
 
Add a new tag
Caveats
  • Supply blocks, unpowered buildings, or Contaminate may cause inaccurate times.
  • Supply counts are checked every 10 seconds.